Map: Sanctuary III LE

Players

SHIN

  • Race: Zerg Zerg

인공지능 칸 (아주 쉬움) - Winner!

  • Race: Terran Terran

VOD

Have the link to the VOD?

Description

Time

  • Played on: July 26, 2026, 10:29 a.m.
  • Length: 7:25
Show
View Real Time Build Order
Export as new Build Order

SHIN Zerg 

Build Orders: Hatch First 

Get SALT Encoding   

  8  0:00  Drone  
  9  0:11  Drone  
  10  0:16  Drone  
  11  0:27  Overlord  
  11  0:33  Drone  
  12  0:46  Drone x2  
  14  0:51  Drone  
  15  1:11  Hatchery  
  14  1:15  Drone  
  15  1:18  Drone  
  15  1:22  Drone  
  17  1:37  Spawning Pool  
  17  1:39  Drone  
  17  1:42  Drone  
  17  1:45  Extractor  
  17  1:51  Drone  
  18  2:00  Drone  
  19  2:10  Overlord  
  19  2:23  Queen x2  
  19  2:24  Zergling x2  
  19  2:28  Zergling x2  
  25  2:31  Drone  
  25  2:33  Drone  
  27  2:41  Drone  
  27  2:43  Drone  
  29  2:47  Metabolic Boost  
  29  2:51  Drone  
  30  2:55  Overlord  
  30  3:02  Drone  
  30  3:03  Drone  
  32  3:12  Queen  
  32  3:14  Drone x2  
  36  3:28  Hatchery  
  36  3:30  Overlord  
  36  3:33  Drone  
  36  3:37  Drone x2  
  36  3:38  Drone  
  36  3:40  Drone  
  40  3:48  Queen  
  40  3:51  Drone x2  
  44  3:57  Queen  
  44  4:02  Overlord  
  46  4:05  Drone  
  46  4:09  Overlord  
  47  4:12  Drone  
  47  4:13  Overlord  
  48  4:20  Zergling x6  
  51  4:24  Queen  
  51  4:28  Drone x4  
  51  4:29  Drone  
  58  4:35  Queen  
  60  4:40  Queen  
  60  4:43  Drone  
  63  4:46  Drone  
  63  4:47  Drone  
  63  4:52  Overlord  
  65  4:54  Drone x3  
  65  4:55  Drone  
  65  4:57  Drone  
  70  5:01  Drone x3  
  70  5:06  Lair  
  73  5:07  Drone  
  73  5:09  Extractor  
  73  5:10  Drone x2  
  73  5:12  Baneling Nest  
  74  5:16  Drone x3  
  77  5:24  Drone x4  
  77  5:26  Spore Crawler  
  77  5:27  Spore Crawler, Extractor  
  78  5:28  Extractor  
  78  5:30  Spore Crawler, Drone x2  
  78  5:33  Drone x2  
  80  5:37  Drone  
  80  5:38  Drone x2  
  83  5:43  Drone x2, Evolution Chamber x2  
  83  5:45  Extractor  
  83  5:47  Drone x2  
  83  5:49  Overlord  
  84  5:52  Overlord  
  84  6:02  Overlord  
  84  6:04  Hatchery  
  84  6:10  Drone x2  
  85  6:12  Centrifugal Hooks  
  85  6:13  Zergling x8  
  89  6:19  Overlord  
  89  6:23  Zergling x12  
  95  6:29  Infestation Pit  
  95  6:30  Zergling x10  
  99  6:34  Hydralisk Den  
  99  6:37  Spire  
  99  6:39  Extractor, Drone x2  
  101  6:40  Drone  
  101  6:41  Drone  
  101  6:42  Drone x3  
  101  6:44  Zergling x6  
  108  6:50  Overlord  
  108  6:51  Zergling x2  
  108  6:52  Baneling  
  108  6:53  Baneling x9  
  110  7:01  Zergling x10  
  110  7:05  Overlord  
Show
View Real Time Build Order
Export as new Build Order

인공지능 칸 (아주 쉬움) Terran - Winner!

Build Orders:  

Get SALT Encoding   

  8  0:00  SCV  
  9  0:13  SCV  
  10  0:25  SCV  
  11  0:37  SCV  
  12  0:46  Supply Depot  
  12  0:49  SCV  
  13  1:07  Refinery  
  13  1:08  SCV  
  13  1:11  Barracks  
  14  1:35  Supply Depot  
  14  1:43  Refinery  
  14  1:57  Orbital Command, Marine  
  15  2:23  SCV  
  16  2:35  SCV  
  17  2:42  Barracks Tech Lab  
  17  2:48  SCV  
  18  2:59  Marine  
  18  3:00  SCV  
  18  3:02  Supply Depot  
  20  3:12  SCV  
  21  3:24  SCV  
  22  3:44  Marauder  
  24  6:03  SCV  
  24  6:35  SCV  
  24  6:36  Marine  
  24  6:37  Supply Depot  
  26  6:40  Factory  
  26  6:42  Command Center  
  25  6:47  SCV  
  26  6:59  SCV  
  27  7:11  SCV  
Tags
 
Add a new tag
Caveats
  • Supply blocks, unpowered buildings, or Contaminate may cause inaccurate times.
  • Supply counts are checked every 10 seconds.